Unix NetHack Version 3.7.0-102 Work-in-progress - last build Apr 7 2024 00:22:53 (d302a6a9ff6341f1a922d8f5af178406b35fdf99,branch:master). Game began 2024-04-22 01:50:36, ended 2024-04-22 02:13:44. Ted, neutral male gnomish Wizard ---- --- --- ---- |..-- ---- --.---.-- --..| ----------|...| ------------------ ---..-- -----.......| |...---....--..--...|---.................|--------------|.....| |...........-- -......-...........|....................|[)[|..|...|...|.....| --...........| -----.....--.|.....|...-...-.--.........|=*(|..|...|...|..--.-- --..........| ----..-----....|..........|..-----..|...|..|-|---|--..|--.---|.........-- --...--|....----...|...|--|((.|..--|---|-.........---|..|.---.|.....-- ---...--..............| |((.-.............-----...--.....|----.....| ---.............|---| |((.|......--|-...|...|.........-- --....-- ---- ----...---[...|((!|+------..{...|..|...-...|........-|---->....| |..| --.....|..+...|(((|.............|..|...|...|.........||........| |..| -------.%---.|..|...|...|-+-.....---|-------------..^......--.......-- --..-- |..|....-- |.----...--|-- |..-|-|......%...[................%......| |....---......-- --...|........| |..|..|----...%--------.----.............- --............| |....|..#.....----..|..|((.-%...|......|..| -...............| --........<..| --...|-....{........|..|%%.|....-@...@@|-.|-......--.-......| -...........| |...--..|....#.....--------....|......||.|.......|--......-- |.....--..--.| |.......|-.....................|---------...--.--- |..--.-- |..----------- |.------------------------------ --.- --- ------- ---- --- --- Ted the Conjurer St:10 Dx:13 Co:11 In:18 Wi:14 Ch:11 Neutral S:1560 Dlvl:5 $:32 HP:41(41) Pw:47(47) AC:9 Xp:5/316 T:1515 Latest messages: Suddenly, the gnome lord falls through a trap door. You hit the iguana! The iguana bites! You hit the iguana. The iguana bites! You miss the iguana. The iguana bites! You hit the iguana. You kill the iguana! You see here an iguana corpse. You hear the splashing of a naiad. The door resists! The door resists! The door opens. The door resists! The door resists! The door resists! The door resists! The door resists! The door opens. This door is locked. Unlock it with your key? [ynq] (q) y You succeed in unlocking the door. The door opens. You hit the gecko. The gecko bites! You miss the gecko. The gecko bites! You miss the gecko. The gecko bites! You hit the gecko. You kill the gecko! The door resists! The door opens. You swap places with the peaceful watchman. This door is locked. Unlock it with your key? [ynq] (q) q This door is locked. Unlock it with your key? [ynq] (q) q You experience a sense of peace. You stop. The watchman is in the way! You swap places with the peaceful watchman. What do you want to drop? [$abdehjnr-uA-E or ?*] h 2 uncursed clear potions land on the altar. Are you sure you want to pray? [yn] (n) y You begin praying to Thoth. You finish your prayer. You feel that Thoth is displeased. Really quit? [yn] (n) y Do you want your possessions identified? [ynq] (y) q Inventory: Coins $ - 32 gold pieces Weapons r - a +0 orcish dagger a - a blessed +2 quarterstaff (weapon in hands) Armor b - a blessed +0 cloak of magic resistance (being worn) Comestibles B - an uncursed cram ration s - an uncursed melon Scrolls E - a cursed scroll of create monster j - an uncursed scroll of remove curse Potions D - an uncursed potion of gain ability Rings A - an uncursed ring of conflict e - an uncursed +2 ring of gain strength d - an uncursed ring of slow digestion (on left hand) Tools u - a magic flute (0:6) n - a magic marker (0:9) C - an uncursed skeleton key Gems/Stones t - an uncursed worthless piece of yellow glass Ted the Wizard's attributes: Background: You were a Conjurer, a level 5 male gnomish Wizard. You were neutral, on a mission for Thoth who was opposed by Ptah (lawful) and Anhur (chaotic). You were right-handed. You were in the Gnomish Mines, on level 5. You entered the dungeon 1515 turns ago. It was nighttime. There was a full moon in effect when your adventure ended. You had 316 experience points, 4 more were needed to attain level 6. Your score was 1560 before end-of-game adjustments. Basics: You had all 41 hit points. You had all 47 energy points (spell power). Your armor class was 9. Your wallet contained 32 zorkmids. Autopickup was on for '$"=/!?' plus thrown. Final Characteristics: Your strength was 10 (limit:18/50). Your dexterity was 13 (limit:18). Your constitution was 11 (peak:14, limit:18). Your intelligence was 18 (limit:19). Your wisdom was 14 (limit:18). Your charisma was 11 (limit:18). Final Status: You weren't hungry. You were unencumbered. You were wielding a quarterstaff. You had basic skill with quarterstaff. Final Attributes: You were devoutly aligned. You were magic-protected. You had infravision. You had slower digestion. You were warded. You were unlucky. You survived. Miscellaneous: You never encountered a bones level. Total elapsed playing time was 23 minutes and 6 seconds. Major events: Turn 1: Ted the neutral male gnomish Wizard entered the dungeon 634: attained the rank of Conjurer (level 3) 842: entered the Gnomish Mines 1095: reached Mine Town 1515: quit Vanquished creatures: a giant mimic 2 small mimics a human zombie a wood nymph 2 Mordor orcs 4 giant ants a dwarf a kobold shaman a rabid rat a centipede a dwarf zombie an iguana 3 coyotes a cave spider 4 geckos 3 jackals a fox 2 goblins 3 sewer rats 8 grid bugs a bat a lichen 5 newts 49 creatures vanquished. No species were genocided or became extinct. Voluntary challenges: You read items or engraved 14 times. You engraved Elbereth 3 times. You never had a pet. You never genocided any monsters. You never changed form. You used no wishes. Achievements: You attained the rank of Conjurer. You entered the Gnomish Mines. You entered Minetown. You entered a shop. You entered a temple. The Dungeons of Doom: levels 1 to 2 Level 1: Level 2: Stairs down to The Gnomish Mines. The Gnomish Mines: levels 3 to 5 Level 3: Level 4: Level 5: <- You were here. A temple and an altar to Thoth, some fountains, some trees. Goodbye Ted the Wizard... You quit in The Gnomish Mines on dungeon level 5 with 1560 points, and 32 pieces of gold, after 1515 moves. You were level 5 with a maximum of 41 hit points when you quit.